 Dungeon Crawl Stone Soup version 0.32-a0-975-g85d4e5bfdb (webtiles) character file.

Game seed: 1437571627440316845

2079 PriceMaster the Thaumaturge (level 9, -6/44 HPs)
             Began as a Spriggan Earth Elementalist on Apr 19, 2024.
             Mangled by a hornet (13 damage)
             ... while paralysed by a hornet
             ... on level 7 of the Dungeon.
             The game lasted 00:09:08 (6241 turns).

PriceMaster the Thaumaturge (SpEE)                  Turns: 6241, Time: 00:09:09

Health: -6/44      AC:  3    Str:  6    XL:     9   Next: 6%
Magic:  21/22      EV:  4    Int: 21    God:
Gold:   439        SH:  0    Dex: 18    Spells: 19/24 levels left

rFire   . . .        v - +2 shortbow (heavy)
rCold   + . .        (shield currently unavailable)
rNeg    . . .        a - +0 robe
rPois   .            (helmet restricted)
rElec   .            u - +0 cloak
rCorr   .            (gloves unavailable)
SInv    +            (boots unavailable)
Will    +....        q - amulet of Guaxtuze {Faith rC+ Regen+ Int+5}
Stlth   ++++         (no ring)
HPRegen 1.07/turn    (no ring)
MPRegen 0.18/turn

%: faith
@: paralysed, lethally poisoned (-6 -> -7), attractive, slowed, very quick
A: very small, no large weapons, unfitting armour, see invisible, speed 3
a: no special abilities


You were on level 7 of the Dungeon.
You visited 1 branch of the dungeon, and saw 7 of its levels.

You collected 439 gold pieces.

Inventory:

Hand Weapons
 j - a +2 dagger of speed
 v - a +2 heavy shortbow (weapon)
Armour
 a - a +0 robe (worn)
 u - a +0 cloak (worn)
 C - an orb of energy
Magical Staves
 l - a staff of conjuration
Jewellery
 q - the amulet of Guaxtuze (around neck) {Faith rC+ Regen+ Int+5}
   (You found it on level 3 of the Dungeon)

   [amulet of faith]

   Faith:     It allows you to gain divine favour quickly.
   Int+5:     It affects your intelligence (+5).
   rC+:       It protects you from cold.
   Regen+:    It increases your rate of health regeneration.
 z - an amulet of the acrobat
Wands
 s - a wand of roots (7)
Scrolls
 e - a scroll of blinking {unknown}
 f - 9 scrolls of identify {unknown}
 i - 3 scrolls of amnesia {unknown}
 k - 2 scrolls of enchant armour {unknown}
 p - a scroll of brand weapon {unknown}
 r - a scroll of torment {unknown}
 t - 2 scrolls of enchant weapon {unknown}
 w - 2 scrolls of poison {unknown}
 x - a scroll of butterflies {unknown}
 y - 5 scrolls of vulnerability {unknown}
 D - a scroll of fog {unknown}
Potions
 b - 2 potions of magic
 c - 2 potions of attraction
 d - a potion of heal wounds
 g - a potion of degeneration {unknown}
 h - 2 potions of haste {unknown}
 m - 3 potions of might {unknown}
 n - 3 potions of invisibility {unknown}
 o - a potion of lignification {unknown}
 A - a potion of curing {unknown}
 B - a potion of berserk rage {unknown}


   Skills:
 * Level 3.4 Fighting
 + Level 1.0 Short Blades
 + Level 3.1 Ranged Weapons
 * Level 5.6 Dodging
 * Level 7.4 Stealth
 * Level 8.2 Spellcasting
 + Level 1.5 Conjurations
 + Level 1.0 Fire Magic
 + Level 0.4 Ice Magic
 + Level 5.2 Earth Magic
 + Level 0.1 Evocations


You had 19 spell levels left.
You knew the following spells:

 Your Spells              Type           Power      Damage    Failure   Level
a - Sandblast             Erth           60%        2d14      1%          1
b - Foxfire               Conj/Fire      56%        2x1d6     4%          1
c - Frozen Ramparts       Ice            20%        1d4       19%         3

Your spell library contained the following spells:

 Spells                   Type           Power      Damage    Failure   Level
 Passwall                 Erth           30%        N/A       2%          3
 Magic Dart               Conj           60%        1d6       4%          1
 Freeze                   Ice            40%        1d6       6%          1
 Shock                    Conj/Air       44%        1d5       6%          1
 Stone Arrow              Conj/Erth      44%        3d9       6%          3
 Blink                    Tloc           16%        N/A       12%         2
 Call Imp                 Summ           16%        N/A       12%         2
 Hailstorm                Conj/Ice       12%        3d6       16%         3
 Volatile Blastmotes      Fire/Tloc      20%        2d11      19%         3
 Brom's Barrelling Bould  Conj/Erth      22%        2d4       19%         4
 Summon Ice Beast         Ice/Summ       9%         N/A       22%         3
 Swiftness                Air            8%         N/A       24%         3
 Petrify                  Alch/Erth      19%        N/A       26%         4
 Fulminant Prism          Conj/Alch      5%         3d7       50%         4
 Iskenderun's Mystic Bla Conj/Tloc 11%            2d4        (+2d2     50%         4
 Airstrike                Air            4%         2d(1-17)  61%         4
 Summon Mana Viper        Hex/Summ       8%         N/A       91%         5
 Permafrost Eruption      Ice/Erth       10%        2x4d3     98%         6
 Plasma Beam              Fire/Air       5%         2x1d15    100%        6
 Starburst                Conj/Fire      7%         6d4       100%        6
 Monstrous Menagerie      Summ           4%         N/A       100%        7


Dungeon Overview and Level Annotations

Branches:
Dungeon (7/15)             Temple (0/1) D:6

Altars:
Dithmenos
Nemelex Xobeh
Qazlal
Ru
Trog
Xom
Zin

Annotations:
D:7 1 runed translucent door, Crazy Yiuf


Innate Abilities, Weirdness & Mutations

You are very small and have problems with some larger weapons.
You are too small for most types of armour.
You have supernaturally acute eyesight. (SInv)
You cover ground extremely quickly. (Speed+++)


Message History

Okay, then.
Okay, then.
You feel sick. The hornet attacks as it pursues you! The hornet stings you!
* * * LOW HITPOINT WARNING * * *
You feel as though you will be slow longer.
You feel sick.
It was a potion of attraction.
You feel attractive to monsters.
You feel sick. The hornet barely misses you. The hornet closely misses you.
The hornet completely misses you.
It was a potion of heal wounds.
You feel much better.
You feel sick.
You are no longer poisoned.
The hornet stings you!
You are poisoned.
You feel as though you will be slow longer.
The hornet closely misses you.
You feel much better.
You feel very sick. The hornet stings you!
You feel as though you will be slow longer.
The hornet completely misses you.
Casting: Frozen Ramparts (dangerous; 19% risk of failure)
Confirm with . or Enter, or press ? or * to list all spells.
Aiming: Sandblast (safe; 1% risk of failure)
Press: ? - help, Shift-Dir - straight line, f/p - hornet
Aim: a hornet (moderately wounded, 76% to hit)
Okay, then.
Casting: Sandblast (safe; 1% risk of failure)
Confirm with . or Enter, or press ? or * to list all spells.
You conjure some foxfire!
You feel very sick. The hornet closely misses you. The hornet stings you!
* * * LOW HITPOINT WARNING * * *
You suddenly lose the ability to move!
You feel sick.
The foxfire hits the hornet.
The hornet is moderately wounded.
The foxfire hits the hornet.
The hornet is moderately wounded.
The hornet stings you!
You die...

#.....# #### ##...##
####..# ###...#..
####.....#####...#....
.##.........##...####...
#..............### #...
##.....#.## ##.#
#.y..###.## ##.. #
##.@.####..### #..# ##.
#.ยงยง.# #.....####.##
..# ##....##..###......#
#.##.....#..# #...#..#
#..#......# #..###.#
#..####..## ##.## ###
#..# ##..# ##..# #..##
##..##..## ##...#
#.....#


You could see a hornet.

Vanquished Creatures
  Joseph (D:7)
  Jeremiah (D:7)
  Eustachio (D:5)
  A steam dragon (D:6)
  Menkaure (D:6)
  An ogre (D:5)
  A black bear (D:5)
  3 centaurs
  Blork the orc (D:5)
  A bullfrog (D:7)
  3 scorpions
  2 bombardier beetles
  2 orc priests
  A hound (D:4)
  A sleepcap (D:3)
  2 iguanas
  2 orc wizards
  A gnoll (D:2)
  11 adders
  2 shadow imps (D:7)
  5 ribbon worms
  A dart slug (D:2)
  14 orcs
  7 ball pythons
  7 endoplasms
  3 giant cockroaches
  2 goblins (D:2)
  8 hobgoblins
  2 jackals (D:2)
  8 kobolds
  5 quokkas
  5 bats
  4 frilled lizards
  6 rats
116 creatures vanquished.

Vanquished Creatures (others)
  114 foxfires
114 creatures vanquished.

Grand Total: 230 creatures vanquished

Notes
Turn   | Place    | Note
-------+----------+-------------------------------------------
     0 | D:1      | PriceMaster the Spriggan Earth Elementalist began the quest
                  | for the Orb.
     0 | D:1      | Reached XP level 1. HP: 9/9 MP: 5/5
   196 | D:1      | Reached XP level 2. HP: 13/13 MP: 4/6
   230 | D:1      | Reached skill level 3 in Spellcasting
   744 | D:2      | Found a faded altar of an unknown god.
   783 | D:2      | Reached XP level 3. HP: 16/16 MP: 6/8
  1384 | D:2      | Reached XP level 4. HP: 21/21 MP: 8/10
  1432 | D:2      | Identified the +3 leather armour of Tartarus {rElec rCorr
                  | Str+3}
  1668 | D:2      | Found a bloodstained altar of Trog.
  2189 | D:3      | Identified the amulet of Guaxtuze {Faith rC+ Regen+ Int+5}
  2192 | D:3      | Got the Vellum of Coarse Freezing
  2312 | D:3      | Reached skill level 4 in Spellcasting
  2312 | D:3      | Reached XP level 5. HP: 25/25 MP: 7/12
  2475 | D:3      | Learned a level 1 spell: Foxfire
  2615 | D:3      | Reached skill level 1 in Fighting
  3089 | D:4      | Reached skill level 1 in Short Blades
  3222 | D:4      | Reached XP level 6. HP: 27/30 MP: 5/13
  3466 | D:4      | Reached skill level 5 in Spellcasting
  3654 | D:4      | Reached skill level 5 in Stealth
  3816 | D:4      | Found a sparkling altar of Nemelex Xobeh.
  3959 | D:4      | Found a shimmering altar of Xom.
  3959 | D:4      | Found a stormy altar of Qazlal.
  4013 | D:4      | Found a glowing silver altar of Zin.
  4068 | D:5      | Entered Level 5 of the Dungeon
  4175 | D:5      | Noticed Eustachio
  4182 | D:5      | Killed Eustachio
  4183 | D:5      | Reached skill level 1 in Ranged Weapons
  4183 | D:5      | Reached XP level 7. HP: 35/35 MP: 11/16
  4239 | D:5      | Reached skill level 6 in Spellcasting
  4239 | D:5      | Reached skill level 1 in Conjurations
  4453 | D:5      | Noticed Blork the orc
  4476 | D:5      | Killed Blork the orc
  4744 | D:5      | Reached XP level 8. HP: 39/39 MP: 18/18
  4832 | D:6      | Noticed Menkaure
  4846 | D:6      | Killed Menkaure
  4847 | D:6      | Reached skill level 7 in Spellcasting
  5026 | D:6      | Learned a level 3 spell: Frozen Ramparts
  5107 | D:6      | Reached skill level 5 in Earth Magic
  5142 | D:6      | Reached skill level 5 in Dodging
  5210 | D:6      | Found a staircase to the Ecumenical Temple.
  5284 | D:6      | Found a shadowy altar of Dithmenos.
  5327 | D:6      | Found a sacrificial altar of Ru.
  5417 | D:7      | Noticed Jeremiah
  5433 | D:7      | Killed Jeremiah
  5434 | D:7      | Reached skill level 1 in Fire Magic
  5909 | D:7      | Found a runed translucent door.
  5910 | D:7      | Noticed Crazy Yiuf
  5966 | D:7      | Noticed Joseph
  5980 | D:7      | Killed Joseph
  5981 | D:7      | Reached skill level 8 in Spellcasting
  5981 | D:7      | Reached XP level 9. HP: 15/44 MP: 11/22
  6240 | D:7      | Paralysed by a hornet for 3 turns
  6241 | D:7      | Mangled by a hornet

Illustrated notes

Levels and vault maps discovered:
D:1:      ebering_trefoil_twist, layout_rooms
D:2:      minmay_inner_zag, layout_loops_ring,
          hellmonk_ecumenical_altar_crossroads, basic_altar,
          cheibrodos_gnoll_hut
D:3:      wad_lake_hut, layout_loops_ring
D:4:      layout_cave_pools, gammafunk_temple_overflow_wave,
          mainiacjoe_overflow_alcove_2, marbit_many_paths, minmay_starry_boxes
D:5:      layout_basic, uniq_blork_the_orc, uniq_eustachio
D:6:      layout_rooms, lemuel_round_altar, nicolae_ru_the_path_less_chosen,
          minmay_temple_entry_junction_2, uniq_menkaure
D:7:      layout_layer_cave, makhleb_altar_promises_db, uniq_jeremiah,
          uniq_joseph, uniq_crazy_yiuf_cottage

Skill      XL: |  1  2  3  4  5  6  7  8 |
---------------+-------------------------+-----
Earth Magic    | 3 4 5 |  5.2
Spellcasting   | 3 4 5 6 8 |  8.2
Dodging        | 3 4 5 |  5.6
Stealth        | 4 5 6 7 |  7.4
Fighting       | 1 2 3 |  3.4
Short Blades   | 1 |  1.0
Ranged Weapons | 1 3 |  3.1
Conjurations   | 1 |  1.5
Fire Magic     | 1 |  1.0
Ice Magic      | |  0.4
Evocations     | |  0.1

Action                     |  1- 3 |  4- 6 |  7- 9 || total
---------------------------+-------+-------+-------++-------
  Melee: Unarmed           |     2 |       |       ||     2
         Dagger            |    32 |    33 |       ||    65
   Fire: Shortbow          |       |    21 |    53 ||    74
   Cast: Sandblast         |    44 |    51 |    39 ||   134
         Foxfire           |       |    39 |    28 ||    67
         Frozen Ramparts   |       |       |     7 ||     7
  Evoke: Wand              |       |       |     1 ||     1
    Use: Potion            |       |       |     3 ||     3
   Stab: Sleeping          |       |     4 |       ||     4
 Armour: Robe              |    16 |    35 |    40 ||    91
  Dodge: Dodged            |    49 |    88 |    61 ||   198

Table legend: (Time is in decaauts)
 A = Elapsed time spent in this place.
 B = Non-inter-level travel time spent in this place.
 C = Inter-level travel time spent in this place.
 D = Time resting spent in this place.
 E = Time spent auto-exploring this place.
 F = Levels seen in this place.
 G = Mean time per level.
                   A        B        C        D        E       F      G
               +--------+--------+--------+--------+--------+-----+--------+
         Total |   4786 |   4570 |    216 |    546 |   3158 |   7 |  683.7 |
       Dungeon |   4786 |   4570 |    216 |    546 |   3158 |   7 |  683.7 |
               +--------+--------+--------+--------+--------+-----+--------+

Top non-repeatable levels by time:
     D:2: 934 daAuts
     D:3: 812 daAuts
     D:4: 792 daAuts
     D:7: 660 daAuts
     D:5: 603 daAuts
     D:1: 494 daAuts
     D:6: 489 daAuts
